 Dungeon Crawl Stone Soup version 0.31.0-11-ge490571c62 (webtiles) character file.

Game seed: 17133726456378692635

62 qw the Shooter (level 3, -4/18 HPs)
             Began as a Spriggan Hunter on Feb 4, 2024.
             Slain by a goblin
             ... wielding a +0 dagger
             ... led by Robin
              (5 damage)
             ... on level 2 of the Dungeon.
             The game lasted 00:00:04 (912 turns).

qw the Shooter (Spriggan Hunter)                     Turns: 912, Time: 00:00:05

Health: -4/18      AC:  2    Str:  7    XL:     3   Next: 85%
Magic:  4/4        EV: 19    Int: 10    God:
Gold:   26         SH:  0    Dex: 20    Spells: 2/2 levels left

rFire   . . .        a - +1 shortbow
rCold   . . .        (shield currently unavailable)
rNeg    + . .        c - +0 robe
rPois   .            (helmet restricted)
rElec   .            (no cloak)
rCorr   .            (gloves unavailable)
SInv    +            (boots unavailable)
Will    .....        (no amulet)
Stlth   ++           k - ring of positive energy
HPRegen 0.23/turn    (no ring)
MPRegen 0.09/turn

%: no passive effects
@: very quick
A: very small, no large weapons, unfitting armour, see invisible, speed 3
a: no special abilities


You were on level 2 of the Dungeon.
You visited 1 branch of the dungeon, and saw 2 of its levels.

You collected 26 gold pieces.


Innate Abilities, Weirdness & Mutations

You are very small and have problems with some larger weapons.
You are too small for most types of armour.
You have supernaturally acute eyesight. (SInv)
You cover ground extremely quickly. (Speed+++)


   Skills:
 - Level 1.5 Fighting
 - Level 5.0 Ranged Weapons
 + Level 4.1 Dodging
 - Level 1.5 Stealth


You had 2 spell levels left.
You didn't know any spells.
Your spell library was empty.

Inventory:

Hand Weapons
 a - a +1 shortbow (weapon)
Armour
 c - a +0 robe (worn)
Jewellery
 k - a ring of positive energy (left hand)
Potions
 d - a potion of might
 e - a potion of curing
 h - a potion of attraction {unknown}
 i - a potion of enlightenment

Dungeon Overview and Level Annotations

Branches:
Dungeon (2/15)

Altars:

Annotations:
D:2 Sigmund


Message History

The hobgoblin is severely wounded.
The goblin barely misses you.
You shoot an arrow. The arrow closely misses the hobgoblin.
The arrow hits Sigmund but does no damage.
The goblin completely misses you. The hobgoblin closely misses you.
You shoot an arrow. The arrow hits the hobgoblin.
You kill the hobgoblin!
The goblin hits you with a +0 club.
You shoot an arrow.
The arrow hits Robin but does no damage.
Sigmund mumbles some strange words.
Sigmund flickers and vanishes for a moment.
The goblin misses you. Robin hits you with a +0 club. Sigmund misses you.
The goblin completely misses you. Robin barely misses you.
You shoot an arrow. The arrow hits Robin.
Robin is lightly wounded.
Robin throws the goblin at you! The goblin misses you.
You shoot an arrow. The arrow hits Robin.
Robin is heavily wounded.
Sigmund barely misses you. The goblin completely misses you.
Robin says, "My army is invincible!"
Robin hits you with a +0 club. The goblin hits you with a +0 dagger.
You shoot an arrow.
The arrow hits Robin but does no damage.
Robin is heavily wounded.
The goblin no longer looks unusually strong.
Sigmund misses you. The goblin closely misses you.
The goblin hits you but does no damage. Robin barely misses you.
You shoot an arrow. The arrow hits Robin!
You kill Robin!
The goblin misses you. The goblin barely misses you.
Sigmund closely misses you.
Your Ranged Weapons skill increases to level 5!
You shoot an arrow. The arrow hits the goblin!
You kill the goblin!
The goblin closely misses you. The goblin barely misses you.
You shoot an arrow. The arrow hits the goblin.
You kill the goblin!
Sigmund hits you from afar with a +3 scythe of protection.
The goblin hits you with a +0 dagger.
You die...

.g.....<# ..)....#.#
...(.. ... .###
........... .....
#..%...#.#... ######
......... .... ...#
)@......# #.#..
##.######)..#.##..
......
###......g@)......
..###....##..#.#.#.#..
.......<###..)........
......### ##.#.#.#.#..
..#..# #.......... .
#.. ))#.#.#.#.. ...
..%......... ...
###.#.#.#.#.. ...
.........


You could see Sigmund (invisible) and a goblin (strong).

Vanquished Creatures
  Robin (D:2)
  An adder (D:1)
  A dart slug (D:1)
  3 endoplasms (D:1)
  2 giant cockroaches
  11 goblins
  6 hobgoblins
  2 ball pythons (D:1)
  2 bats (D:1)
  A frilled lizard (D:1)
  4 kobolds
  6 rats (D:1)
40 creatures vanquished.

Notes
Turn   | Place    | Note
-------+----------+-------------------------------------------
     0 | D:1      | qw the Spriggan Hunter began the quest for the Orb.
     0 | D:1      | Reached XP level 1. HP: 10/10 MP: 2/2
     0 | D:1      | 0 ||| qw: Version: 0.3-a-160-g6735b56
     0 | D:1      | 0 ||| qw: Game counter: 4486
     0 | D:1      | 0 ||| qw: Melee chars always use a shield: true
     0 | D:1      | 0 ||| qw: God list: Okawaru
     0 | D:1      | 0 ||| qw: Allow faded altars: false
     0 | D:1      | 0 ||| qw: Do Orc after clearing Dungeon:15 true
     0 | D:1      | 0 ||| qw: Do second Lair branch before Depths: true
     0 | D:1      | 0 ||| qw: Lair rune preference: random
     0 | D:1      | 0 ||| qw: Goals: Normal
     0 | D:1      | 0 ||| PLANNING D:1-11
   147 | D:1      | Reached skill level 3 in Dodging
   186 | D:1      | Reached XP level 2. HP: 14/14 MP: 3/3
   797 | D:1      | 797 ||| DROPPING scarf of harm.
   798 | D:1      | 798 ||| UPGRADING to ring of positive energy.
   799 | D:1      | 799 ||| READING 2 scrolls labelled COC FOMOCUQ EMI.
   799 | D:1      | 799 ||| IDENTIFYING sedimented golden potion
   800 | D:1      | 800 ||| READING scroll of identify.
   800 | D:1      | 800 ||| IDENTIFYING metallic dark potion
   801 | D:1      | 801 ||| READING scroll labelled WEILIU ZYG XEUJE.
   802 | D:1      | 802 ||| READING scroll labelled FAUJ BAFYJYJE.
   802 | D:1      | 802 ||| ENCHANTING +0 shortbow.
   803 | D:1      | 803 ||| READING scroll labelled FIURGH YHILEV.
   804 | D:1      | 804 ||| DRINKING 2 smoky blue potions.
   805 | D:1      | 805 ||| DROPPING scroll of butterflies.
   819 | D:2      | Noticed Robin
   821 | D:2      | 821 ||| STAIRDANCE
   829 | D:1      | Reached XP level 3. HP: 18/18 MP: 4/4
   900 | D:2      | Noticed Sigmund
   908 | D:2      | HP: 3/18 [goblin/+0 dagger[Robin] (4)]
   910 | D:2      | Killed Robin
   911 | D:2      | Reached skill level 5 in Ranged Weapons
   912 | D:2      | HP: 1/18 [Sigmund/+3 scythe of protection (3)]
   912 | D:2      | Slain by a goblin

Levels and vault maps discovered:
D:1:      dpeg_arrival_more_subterranean_lakeside_camping, layout_basic,
          minmay_heptomino_o4
D:2:      layout_rooms, serial_co_window_serial, co_window_corner_a,
          co_window_of_opportunity_a, co_window_corner_a, co_window_paths_a,
          co_window_corner_a, co_window_corner_ca, co_window_corner_b,
          co_window_broadway_c, co_window_broadway_c, co_window_corner_b,
          co_window_broadway_a, glass_columns_a, glass_columns_b,
          glass_columns_c, uniq_sigmund, uniq_robin, uniq_jessica

Skill      XL: |  1  2  3 |
---------------+----------+-----
Dodging        | 3 4 |  4.1
Ranged Weapons | 5 |  5.0
Fighting       | |  1.5
Stealth        | |  1.5

Action                     || total
---------------------------++-------
   Fire: Shortbow          ||    91
    Use: Scroll            ||     5
         Potion            ||     1
 Armour: Robe              ||    14
  Dodge: Dodged            ||    43

Table legend:
 A = Non-vault XP
 B = Vault XP
 C = Vault XP percentage of total XP
 D = Non-vault monster count
 E = Vault monster count
 F = Vault count percentage of total count
                 A         B        C        D         E       F
            +---------+---------+-------+---------+---------+-------
      Total |      47 |      43 |  47.8 |      25 |      15 |  37.5
            +---------+---------+-------+---------+---------+-------
        D:1 |      41 |       9 |  18.0 |      21 |       4 |  16.0
        D:2 |       6 |      34 |  85.0 |       4 |      11 |  73.3
            +---------+---------+-------+---------+---------+-------
